 Seeded DCSS version 0.29-a0-231-g945431f764 (webtiles) character file.

Game seed: 7398478755600371734 (custom seed)

31 mcwallace the Bolt Thrower (level 3, 0/28 HPs)
             Began as a Formicid Hunter on Mar 1, 2022.
             Slain by Terence
             ... wielding a +0 morningstar
              (9 damage)
             ... on level 2 of the Dungeon.
             The game lasted 00:01:51 (1627 turns).

mcwallace the Bolt Thrower (Formicid Hunter)        Turns: 1627, Time: 00:01:51

Health: 0/28       AC:  3    Str: 16    XL:     3   Next: 40%
Magic:  3/3        EV: 12    Int: 10    God:
Gold:   48         SH:  0    Dex: 13    Spells: 2/2 levels left

rFire   . . .      SeeInvis +   a - +1 hand crossbow {crossbow}
rCold   . . .      Faith    .   (no shield)
rNeg    . . .      Spirit   .   b - +0 leather armour
rPois   .          Reflect  .   (helmet unavailable)
rElec   .          Harm     .   (no cloak)
rCorr   .          Rampage  .   (no gloves)
Will    .....                   (no boots)
Stlth   +.........              (no amulet)
HPRegen 0.09/turn               (no ring)
MPRegen 0.08/turn               (no ring)

@: no status effects
A: permanent stasis, dig shafts and tunnels, antennae 3, four strong arms
a: Dig, Shaft Self


You were on level 2 of the Dungeon.
You visited 1 branch of the dungeon, and saw 2 of its levels.

You collected 48 gold pieces.


Innate Abilities, Weirdness & Mutations

You cannot be hasted, slowed, berserked, paralysed or teleported.
You can dig through walls and to a lower floor.
You have a pair of large antennae on your head. (SInv)
Your four strong arms can wield two-handed weapons with a shield.


   Skills:
 + Level 2.7 Fighting
 + Level 4.3 Crossbows
 + Level 1.2 Armour
 + Level 2.1 Dodging
 - Level 1.2 Stealth


You had 2 spell levels left.
You didn't know any spells.
Your spell library was empty.

Inventory:

Hand Weapons
 a - a +1 hand crossbow (weapon) {crossbow}
Missiles
 d - 82 stones {throwing}
Armour
 b - a +0 leather armour (worn)
 e - a +0 leather armour
   (You found it on level 1 of the Dungeon)
 f - a +0 pair of gloves
   (You found it on level 1 of the Dungeon)
 h - a +0 leather armour
   (You found it on level 1 of the Dungeon)
 i - a +0 leather armour
   (You took it off a kobold on level 1 of the Dungeon)
 n - a +0 robe
   (You found it on level 2 of the Dungeon)
Jewellery
 c - a ring of fire
   (You found it on level 1 of the Dungeon)
Scrolls
 j - a scroll of teleportation {unknown}
 k - a scroll of silence {unknown}
 m - 2 scrolls of identify {unknown}
 o - 3 scrolls of acquirement {unknown}
Potions
 g - a potion of lignification {unknown}
 l - a potion of heal wounds {unknown}
 p - a potion of haste {unknown}

Dungeon Overview and Level Annotations

Branches:
Dungeon (2/15)

Altars:

Shops:
D:1 *

Annotations:
D:2 Terence

........#.##.#.............)#
........#.##.#.##############
......#.#.)#.#.#.....#
###..#.......#.#...#.#
#.#...##.###.###.#.#
#.#...##.#.......#.#
#.#...##.#.#.#####.#
#.#...##.#.#.@.###<##########
#.#<.>........@.............##
#.#........#.#.############..#
##.########.#.#....##########.#
#....# #.#.####.....#......##
#..#.######.#...##...$.#........
#..#.#......###.##.....#........
#..#........# #....(...#........
###.........######.....#.....#..
#.##........# #.#.###.....##.


You could see Terence.


Message History

No target in view!
You see here a ball python corpse.
An endoplasm comes into view.
The endoplasm quivers.
You shoot a bolt. The bolt hits the endoplasm.
You shoot a bolt. The bolt hits the endoplasm.
You kill the endoplasm!
d - 82 stones {throwing} (gained 14)
You sense a monster nearby.
You sense a monster nearby.
A goblin and a rat come into view.
Found 2 scrolls labelled QAROSU JISOD.
Found a stone staircase leading down.
You shoot a bolt. The bolt hits the rat.
You kill the rat!
You shoot a bolt. The bolt hits the goblin.
You kill the goblin!
No target in view!
Things that are here:
a +0 dagger {short}; a goblin corpse No target in view!
You see here a rat corpse.
You sense a monster nearby.
No target in view!
m - 2 scrolls labelled QAROSU JISOD No target in view!
A goblin comes into view. It is wielding a +0 club.
A goblin is nearby!
A goblin is nearby!
You shoot a bolt. The bolt hits the goblin!
You kill the goblin!
n - a +0 robe
Things that are here:
a +0 club {mace}; a goblin corpse No target in view!
o - 3 scrolls labelled SYIDIR VUSTI No target in view!
No target in view!
Key pressed, stopping explore.
p - a metallic puce potion Key pressed, stopping explore.
Key pressed, stopping explore.
Terence the Incautious comes into view.
He is wielding a +0 morningstar.
You shoot a bolt. The bolt hits Terence.
Terence shouts!
You shoot a bolt.
The bolt hits Terence but does no damage.
You shoot a bolt.
The bolt hits Terence but does no damage.
You shoot a bolt.
The bolt hits Terence but does no damage.
You shoot a bolt. The bolt hits Terence.
Terence hits you with a +0 morningstar. 😕 HP[-3]
You take 3 damage, and now have 25/28 hp.
You shoot a bolt.
The bolt hits Terence but does no damage.
Terence closely misses you.
You shoot a bolt. The bolt hits Terence.
Terence hits you with a +0 morningstar!
Terence says, "You're history."
Terence hits you with a +0 morningstar.
* * * LOW HITPOINT WARNING * * *
😨 HP[-14]
You take 14 damage, and now have 11/28 hp.
MASSIVE DAMAGE!! (PAUSE) 😨 HP[+1] 😨 HP[+1] 😨 HP[+1]
You see here a ball python corpse. 😮 HP[+1] 😮 HP[+1]
You see here a rat corpse.
Terence says, "How do you enjoy it?" 😮 HP[+1] 😮 HP[+1] Terence says, "You're history." 😮 HP[+1] Terence hits you with a +0 morningstar.
* * * LOW HITPOINT WARNING * * *
😨 HP[-5]
You take 5 damage, and now have 14/28 hp.
Terence looks scornfully at you. 😮 HP[+1]
There is a stone staircase leading down here.
Terence hits you with a +0 morningstar!
* * * LOW HITPOINT WARNING * * *
There is a stone staircase leading up here. 😨 HP[-7]
You take 7 damage, and now have 8/28 hp.
MASSIVE DAMAGE!! (PAUSE) Terence hits you with a +0 morningstar.
* * * LOW HITPOINT WARNING * * *
😱 HP[-1]
You take 1 damage, and now have 7/28 hp. 😨 HP[+1]
There is a stone staircase leading up here. 😨 HP[+1] Terence bares his teeth.
Terence hits you with a +0 morningstar!
You die...

Skill      XL: |  1  2 |
---------------+-------+-----
Dodging        | 2 |  2.1
Armour         | 1 |  1.2
Fighting       | |  2.7
Crossbows      | |  4.3
Stealth        | |  1.2

Action                   || total
-------------------------++-------
 Fire: Hand crossbow     ||    73
 Abil: Dig               ||     2
Armor: Leather armour    ||     4
Dodge: Dodged            ||    18

Levels and vault maps discovered:
D:1:      evilmike_arrival_plus, layout_basic, serial_shops,
          nicolae_diamond_shop, basic_ecumenical_altar, minmay_box_of_dots
D:2:      layout_basic, uniq_terence

Notes
Turn   | Place    | Note
-------+----------+-------------------------------------------
     0 | D:1      | mcwallace the Formicid Hunter began the quest for the Orb.
     0 | D:1      | Reached XP level 1. HP: 16/16 MP: 1/1
     0 | D:1      | magus.rc [v1.9.6]
   206 | D:1      | Reached XP level 2. HP: 23/23 MP: 2/2
   398 | D:1      | Found Refaucue's General Store.
   518 | D:1      | Reached skill level 2 in Dodging
   939 | D:1      | Reached skill level 1 in Armour
   953 | D:1      | Found a faded altar of an unknown god.
   979 | D:2      | Reached XP level 3. HP: 21/28 MP: 3/3
  1485 | D:2      | Noticed Terence
  1599 | D:2      | HP: 7/28 [Terence/+0 morningstar (2)]
  1627 | D:2      | Slain by Terence

Vanquished Creatures
  A worm (D:2)
  5 ball pythons
  A bat (D:1)
  5 endoplasms
  4 goblins
  2 hobgoblins
  3 kobolds
  A quokka (D:1)
  A frilled lizard (D:1)
  3 rats
26 creatures vanquished.

Table legend:
 A = Non-vault XP
 B = Vault XP
 C = Vault XP percentage of total XP
 D = Non-vault monster count
 E = Vault monster count
 F = Vault count percentage of total count
                 A         B        C        D         E       F
            +---------+---------+-------+---------+---------+-------
      Total |      40 |       5 |  11.1 |      23 |       3 |  11.5
            +---------+---------+-------+---------+---------+-------
        D:1 |      21 |       5 |  19.2 |      12 |       3 |  20.0
        D:2 |      19 |       0 |   0.0 |      11 |       0 |   0.0
            +---------+---------+-------+---------+---------+-------

Illustrated notes

Table legend:
 A = Kills in this place as a percentage of kills in entire the game.
 B = Kills by you in this place as a percentage of kills by you in the entire game.
 C = Kills by friends in this place as a percentage of kills by friends in the entire game.
 D = Other kills in this place as a percentage of other kills in the entire game.
 E = Experience gained in this place as a percentage of experience gained in the entire game.
 F = Experience gained in this place divided by the number of levels of this place that you have seen.
                   A       B       C       D       E      F
               +-------+-------+-------+-------+-------+----------------------
         Total | 100.0 | 100.0 |   N/A |   N/A | 100.0 |  22.5
       Dungeon | 100.0 | 100.0 |   N/A |   N/A | 100.0 |  22.5
               +-------+-------+-------+-------+-------+----------------------

Table legend: (Time is in decaauts)
 A = Elapsed time spent in this place.
 B = Non-inter-level travel time spent in this place.
 C = Inter-level travel time spent in this place.
 D = Time resting spent in this place.
 E = Time spent auto-exploring this place.
 F = Levels seen in this place.
 G = Mean time per level.
                   A        B        C        D        E       F      G
               +--------+--------+--------+--------+--------+-----+--------+
         Total |   1650 |   1647 |      3 |      0 |   1359 |   2 |  825.0 |
       Dungeon |   1650 |   1647 |      3 |      0 |   1359 |   2 |  825.0 |
               +--------+--------+--------+--------+--------+-----+--------+

Top non-repeatable levels by time:
     D:1: 982 daAuts
     D:2: 667 daAuts
